 Dungeon Crawl Stone Soup version 0.31-a0-662-g684573625c (webtiles) character file.

Game seed: 18207848122581236655

182 wazuzu the Conjurer (level 5, -3/35 HPs)
             Began as a Demonspawn Conjurer on Aug 31, 2023.
             Slain by an ogre
             ... wielding a +0 giant spiked club
              (22 damage)
             ... on level 4 of the Dungeon.
             The game lasted 00:05:18 (3517 turns).

wazuzu the Conjurer (Demonspawn Conjurer)           Turns: 3517, Time: 00:05:18

Health: -3/35      AC: 11    Str:  7    XL:     5   Next: 35%
Magic:  6/10       EV:  9    Int: 22    God:
Gold:   181        SH:  0    Dex: 11    Spells: 7/11 levels left

rFire   . . .        d - +1 dagger (venom)
rCold   . . .        (no shield)
rNeg    . . .        f - +0 ring mail
rPois   .            (no helmet)
rElec   .            (no cloak)
rCorr   .            (no gloves)
SInv    .            (no boots)
Will    .....        (no amulet) Stlth
                     (no ring)
HPRegen 0.25/turn    (no ring)
MPRegen 0.12/turn

%: no passive effects
@: confused, sanguine armoured
A: demonic guardian 1, sanguine armour 1, weakness stinger 1
a: no special abilities


You were on level 4 of the Dungeon.
You visited 1 branch of the dungeon, and saw 4 of its levels.

You collected 181 gold pieces.


Innate Abilities, Weirdness & Mutations

A weak demonic guardian rushes to your aid.
When seriously injured, your blood forms armour. (AC +6)
You have a small tail.


   Skills:
 - Level 1.7 Dodging
 - Level 1.7 Stealth
 + Level 3.7 Spellcasting
 + Level 5.3 Conjurations
 * Level 1.4 Earth Magic


You had 7 spell levels left.
You knew the following spells:

 Your Spells              Type           Power      Damage    Failure   Level
a - Magic Dart            Conj           100%       1d8       4%          1
b - Stone Arrow           Conj/Erth      36%        3d9       30%         3

Your spell library contained the following spells:

 Spells                   Type           Power      Damage    Failure   Level
 Searing Ray              Conj           54%        2d6       7%          2
 Dazzling Flash           Conj/Hex       30%        N/A       38%         3
 Fulminant Prism          Conj/Hex       7%         3d6       80%         4
 Iskenderun's Mystic Bla  Conj/Tloc      15%        2d5       80%         4
 Animate Armour           Summ/Erth      14%        N/A       97%         4
 Lehudib's Crystal Spear  Conj/Erth      9%         10d4      100%        8


Dungeon Overview and Level Annotations

Branches:
Dungeon (4/15)
 Temple: D:4-7

Altars:

Shops:
D:1 =   D:2 (

Inventory:

Hand Weapons
 d - a +1 dagger of venom (weapon)
 q - a +0 morningstar of protection
Armour
 a - a +0 robe
 f - a +0 ring mail (worn)
Jewellery
 s - a +6 ring of strength
 t - a +4 ring of protection
Wands
 o - a wand of paralysis (10)
 v - a wand of iceblast (10)
Scrolls
 e - 3 scrolls of identify {unknown}
 h - a scroll of fog {unknown}
 j - 4 scrolls of teleportation {unknown}
 n - a scroll of vulnerability {unknown}
 p - a scroll of brand weapon {unknown}
 u - a scroll of blinking {unknown}
Potions
 b - 2 potions of magic
 g - a potion of lignification {unknown}
 i - 2 potions of curing {unknown}
 k - a potion of cancellation {unknown}
 l - a potion of heal wounds {unknown}
 m - a potion of brilliance {unknown}
 r - a potion of attraction {unknown}

.. # #.. .## #.. ..#
#.o###.## ..
#......### . ....
##........## .
#...###....O@....#
#.......>....#...#
#..........## ..#
...........## ##
.....#.##.......##..
.....#..>...........#
.....#......#...#...#
.....#..###.#.###.....
.....##.#............#


You could see an ogre (very poisoned) and an orc wizard.


Message History

You can't see any susceptible monsters within range! (Use Z to cast anyway.)
A hobgoblin comes into view.
The magic dart hits the hobgoblin.
You kill the hobgoblin!
You can't see any susceptible monsters within range! (Use Z to cast anyway.)
You can't see any susceptible monsters within range! (Use Z to cast anyway.)
A hound comes into view.
The hound moves out of view.
A hound is nearby!
A hound is nearby!
The magic dart hits the hound.
The hound is moderately wounded.
The hound barks!
The magic dart hits the hound.
The hound is heavily wounded.
You can't see any susceptible monsters within range! (Use Z to cast anyway.)
The magic dart hits the hound.
The hound is severely wounded.
The magic dart hits the hound.
The hound is almost dead.
The hound bites you.
The magic dart hits the hound!
You kill the hound!
u - a scroll labelled ETYEM PECLUO You now have 181 gold pieces (gained 8).
You see here 4 stones.
Found a stone staircase leading down.
Found a stone staircase leading up.
There is a stone staircase leading down here.
v - a wand of iceblast (10)
Found a stone staircase leading down.
Found an escape hatch in the floor.
An ogre comes into view. It is wielding a +0 giant spiked club.
The ogre shouts!
You hear a shout!
The magic dart hits the ogre but does no damage.
The magic dart hits the ogre.
The ogre is lightly wounded.
The magic dart hits the ogre.
The ogre is moderately wounded.
The magic dart hits the ogre.
The ogre is heavily wounded.
The magic dart hits the ogre.
The ogre is severely wounded.
You closely miss the ogre.
The ogre is severely wounded.
The ogre barely misses you.
You hit the ogre but do no damage.
The ogre is severely wounded.
An orc wizard comes into view. It is wielding a +0 dagger.
You barely miss the ogre.
The ogre is severely wounded.
The ogre barely misses you.
You barely miss the ogre.
The ogre is severely wounded.
The ogre hits you with a +0 giant spiked club!
You hit the ogre.
The ogre is poisoned.
The ogre is severely wounded.
The orc wizard casts a spell at you.
You are confused.
You bump into the rock wall.
The ogre hits you with a +0 giant spiked club.
Your blood congeals into armour.
The orc wizard points at you and mumbles some strange words.
You resist with some effort.
You hear a shout!
Unknown command.
You hear a shout! x2
The ogre hits you with a +0 giant spiked club!!
Ouch! That really hurt!
You die...

Action                     |  1- 3 |  4- 6 || total
---------------------------+-------+-------++-------
  Melee: Dagger            |    62 |    11 ||    73
   Cast: Magic Dart        |    83 |    42 ||   125
 Armour: Robe              |     3 |       ||     3
         Ring mail         |    37 |    11 ||    48
         Skin              |     2 |       ||     2
  Dodge: Dodged            |    24 |     4 ||    28

Levels and vault maps discovered:
D:1:      dpeg_arrival_renting, layout_loops_ring, serial_shops,
          nicolae_shop_gaudy_bauble, minmay_misc_feat_x, minmay_pentomino_p4
D:2:      layout_rooms, serial_shops, shop, dilly_ecumenical_altar_fadedgnrine,
          serial_corexii_hall, chequers_hall_statues_wall_a,
          chequers_hall_statues_corner_a, corexii_hall_statues_l,
          corexii_hall_statues_t, uniq_terence
D:3:      layout_basic
D:4:      layout_cave_pools, amethyst_overflow_temple_binary,
          minmay_temple_entry_mist, biasface_ghost_orc_armoury

Notes
Turn   | Place    | Note
-------+----------+-------------------------------------------
     0 | D:1      | wazuzu the Demonspawn Conjurer began the quest for the Orb.
     0 | D:1      | Reached XP level 1. HP: 13/13 MP: 3/3
   291 | D:1      | Gained mutation: When seriously injured, your blood forms
                  | armour. (AC +6) [demonic ancestry]
   291 | D:1      | Reached XP level 2. HP: 15/19 MP: 0/5
  1019 | D:1      | Found Pyanoapu's Jewellery Boutique.
  1089 | D:1      | Reached XP level 3. HP: 24/24 MP: 2/7
  1571 | D:2      | Reached skill level 3 in Spellcasting
  1729 | D:2      | Found Barchalinn's Weapon Shop.
  2268 | D:2      | Noticed Terence
  2281 | D:2      | Killed Terence
  2282 | D:2      | Reached skill level 5 in Conjurations
  2282 | D:2      | Gained mutation: A weak demonic guardian rushes to your
                  | aid. [demonic ancestry]
  2282 | D:2      | Reached XP level 4. HP: 12/30 MP: 2/9
  2465 | D:2      | Found a faded altar of an unknown god.
  2863 | D:3      | Learned a level 3 spell: Stone Arrow
  3214 | D:4      | HP: 5/30 [iguana (8)]
  3217 | D:4      | Reached skill level 1 in Earth Magic
  3217 | D:4      | Gained mutation: You have a small tail. [demonic ancestry]
  3217 | D:4      | Reached XP level 5. HP: 6/35 MP: 5/10
  3505 | D:4      | Noticed an ogre
  3517 | D:4      | Slain by an ogre

Vanquished Creatures
  A hound (D:4)
  Terence (D:2)
  An iguana (D:4)
  3 adders
  A worm (D:2)
  2 dart slugs (D:2)
  2 orcs (D:3)
  6 endoplasms
  3 giant cockroaches
  7 goblins
  8 hobgoblins
  3 jackals
  2 quokkas (D:2)
  3 ball pythons
  7 bats
  3 frilled lizards
  6 kobolds
  9 rats
68 creatures vanquished.
